Map: Ascension to Aiur LE

Players

Scarlett

  • Race: Zerg Zerg
  • Spawn Location: 11:00

Neeb - Winner!

  • Race: Protoss Protoss
  • Spawn Location: 5:00

Event: WCS Montreal 2017

VOD

Have the link to the VOD?

Description

Time

  • Played on: Sept. 9, 2017, 4:05 p.m.
  • Length: 7:03

All games in this series

Show
View Real Time Build Order
Export as new Build Order

Scarlett Zerg 

Build Orders: Hatch First 

Get SALT Encoding   

  12  0:00  Drone  
  13  0:12  Overlord  
  13  0:17  Drone  
  14  0:30  Drone x2  
  14  0:35  Drone  
  17  0:51  Hatchery  
  17  0:54  Drone  
  17  0:57  Drone  
  18  1:08  Extractor  
  17  1:13  Spawning Pool  
  17  1:15  Drone  
  17  1:19  Drone  
  18  1:28  Drone  
  19  1:40  Drone  
  20  1:49  Drone  
  21  1:55  Hatchery  
  21  2:00  Overlord  
  20  2:04  Queen  
  20  2:08  Drone  
  23  2:14  Metabolic Boost  
  23  2:23  Queen  
  23  2:26  Drone  
  23  2:28  Drone  
  27  2:31  Zergling x2  
  27  2:33  Zergling x2  
  27  2:36  Drone  
  30  2:38  Drone  
  31  2:46  Queen  
  31  2:49  Drone  
  34  2:52  Drone  
  34  2:56  Overlord  
  35  3:00  Drone  
  36  3:09  Evolution Chamber  
  36  3:10  Drone  
  36  3:13  Zergling x4  
  36  3:15  Drone x3  
  41  3:22  Queen  
  41  3:26  Drone x2  
  45  3:28  Drone  
  46  3:34  Drone  
  46  3:35  Drone x2  
  46  3:38  Drone  
  49  3:50  Drone  
  49  3:53  Zerg Melee Weapons Level 1  
  49  3:54  Spore Crawler x2, Overlord  
  47  4:00  Spore Crawler  
  47  4:02  Drone x3  
  49  4:07  Overlord  
  49  4:10  Extractor  
  49  4:11  Drone  
  49  4:19  Drone x7  
  49  4:21  Drone  
  57  4:26  Drone  
  59  4:34  Overlord  
  59  4:35  Overlord x2  
  59  4:47  Overlord  
  59  4:48  Drone  
  59  4:51  Overlord  
  58  4:54  Drone  
  58  4:55  Baneling Nest, Drone x8  
  58  4:58  Overlord  
  66  5:01  Zergling x2  
  66  5:06  Lair  
  67  5:07  Zergling x6  
  69  5:15  Extractor  
  69  5:16  Zergling x2  
  69  5:17  Extractor  
  68  5:24  Zergling x4  
  68  5:25  Zergling x2  
  71  5:29  Drone x5  
  71  5:31  Hatchery  
  71  5:34  Extractor, Drone  
  71  5:35  Drone x2  
  77  5:36  Extractor  
  77  5:38  Drone  
  77  5:41  Drone x2  
  79  5:46  Overlord  
  79  5:49  Baneling x5  
  79  5:52  Drone x2  
  79  5:54  Zergling x6  
  84  5:57  Spine Crawler  
  84  5:58  Zergling x6  
  84  6:13  Hydralisk Den, Zergling x2  
  84  6:14  Zergling x12  
  89  6:24  Zergling x14  
  89  6:25  Queen  
  85  6:35  Zergling x4  
  81  6:40  Zergling x6  
Show
View Real Time Build Order
Export as new Build Order

Neeb Protoss - Winner!

Build Orders: Nexus First, Oracle Opening, Phoenix Opening, Zealot Archon, Archon Drop 

Get SALT Encoding   

  12  0:02  Probe (Chrono Boost)  
  13  0:12  Probe (Chrono Boost)  
  14  0:18  Pylon  
  14  0:23  Probe (Chrono Boost)  
  15  0:36  Probe (Chrono Boost)  
  16  0:47  Probe (Chrono Boost)  
  17  0:57  Probe (Chrono Boost)  
  17  1:01  Nexus  
  18  1:11  Gateway  
  18  1:14  Probe (Chrono Boost)  
  19  1:19  Assimilator  
  19  1:24  Assimilator  
  19  1:27  Probe (Chrono Boost)  
  20  1:34  Pylon  
  20  1:38  Probe (Chrono Boost)  
  21  1:48  Probe (Chrono Boost)  
  22  1:58  Cybernetics Core  
  22  1:59  Probe (Chrono Boost)  
  23  2:09  Probe (Chrono Boost)  
  23  2:13  Probe (Chrono Boost)  
  25  2:20  Probe (Chrono Boost)  
  26  2:23  Probe (Chrono Boost)  
  27  2:30  Probe (Chrono Boost)  
  27  2:34  Probe (Chrono Boost), Stargate  
  27  2:35  Adept (Chrono Boost)  
  27  2:36  Warp Gate (Chrono Boost)  
  31  2:39  Probe  
  32  2:46  Probe, Pylon  
  32  2:50  Probe  
  33  2:55  Gateway  
  33  2:58  Probe  
  35  2:59  Adept (Chrono Boost)  
  35  3:00  Probe  
  38  3:10  Probe  
  38  3:11  Probe, Gateway  
  40  3:18  Oracle (Chrono Boost)  
  43  3:20  Probe  
  43  3:25  Probe  
  45  3:30  Assimilator  
  45  3:32  Probe, Robotics Facility  
  46  3:38  Assimilator, Probe  
  47  3:43  Probe  
  47  3:44  Pylon  
  48  3:50  Probe  
  48  3:52  Phoenix (Chrono Boost)  
  48  3:53  Probe  
  50  4:03  Probe, Twilight Council  
  50  4:05  Probe  
  50  4:06  Pylon  
  52  4:20  Warp Prism (Chrono Boost)  
  54  4:36  Adept x3  
  60  4:38  Gateway  
  60  4:39  Gateway  
  60  4:40  Charge  
  60  4:42  Templar Archives  
  60  4:53  Nexus  
  60  5:04  Gateway  
  60  5:05  Gateway  
  60  5:11  Gateway  
  60  5:13  Probe x2  
  62  5:19  Pylon  
  62  5:24  Pylon  
  62  5:27  Probe x2  
  64  5:33  High Templar x3  
  70  5:37  High Templar, Pylon  
  70  5:39  Probe x2  
  74  5:44  Archon x2  
  74  5:51  Probe x2  
  74  5:53  Pylon  
  76  6:03  Probe  
  77  6:06  Zealot x7  
  77  6:08  Probe  
  77  6:10  Probe  
  93  6:19  Probe x2  
  95  6:30  Zealot x6  
  95  6:31  Zealot  
  107  6:36  Probe  
  106  6:41  Forge  
  102  6:54  Zealot x7  
Tags
 
Add a new tag
Caveats
  • Supply blocks, unpowered buildings, or Contaminate may cause inaccurate times.
  • Supply counts are checked every 10 seconds.